[ AOE2 MATCH · #504917433 ]
UnrankedTupi vs Britons
Player's team · LOSS
Rival team · WIN
[ REPLAY ANALYSIS · EXTRACTED FROM THE RECORDED GAME ]
Feudal
9:51
Castle
23:50
Imperial
—
| APM avg | 47.7 |
| APM peak | 90 |
| eAPM avg | 20.1 |
| Villagers / military | 96 / 49 |
Focus
⚔️ 28.8% · 🌾 71.2%
Skirmisher ×33 · Archer ×10 · Unknown (2550) ×7 · Mangonel ×3 · Scorpion ×2 · Monk ×1
Feudal
12:37
Castle
16:17
Imperial
—
| APM avg | 59.3 |
| APM peak | 92 |
| eAPM avg | 19.2 |
| Villagers / military | 107 / 55 |
Focus
⚔️ 32.2% · 🌾 67.8%
Archer ×47 · Militia ×5 · Mangonel ×2 · Battering Ram ×1
Match map
Initial resources + every placement click. Lines = walls · curves = elevation contours. ◆ gold · ⬟ stone · ● berries · ✦ relic · ◌ wall gap
Your base· Open — 8t gap
__Mafia's base· Open — unwalled flank
Smoothed initial terrain · ◌ = detected wall gap · hover for details
Inputs per minute
— [DCNC] Brunin - - __Mafia
Build order — [DCNC] Brunin
First 150 of 259 actions detected
| 0:00 | Queue | Villager (Male) |
| 0:01 | Queue | Villager (Male) |
| 0:01 | Queue | Villager (Male) |
| 0:03 | Build | House |
| 0:04 | Build | House |
| 0:12 | Queue | Villager (Male) |
| 1:14 | Queue | Villager (Male) |
| 1:32 | Queue | Villager (Male) |
| 1:32 | Queue | Villager (Male) |
| 2:00 | Build | Settlement |
| 2:14 | Queue | Villager (Male) |
| 3:02 | Queue | Villager (Male) |
| 3:28 | Queue | Villager (Male) |
| 3:28 | Queue | Villager (Male) |
| 3:41 | Queue | Villager (Male) |
| 4:09 | Queue | Villager (Male) |
| 4:09 | Queue | Villager (Male) |
| 4:37 | Queue | Villager (Male) |
| 4:37 | Queue | Villager (Male) |
| 4:49 | Build | Settlement |
| 4:54 | Queue | Villager (Male) |
| 5:49 | Queue | Villager (Male) |
| 5:49 | Queue | Villager (Male) |
| 6:05 | Queue | Villager (Male) |
| 6:33 | Build | Barracks |
| 6:48 | Queue | Villager (Male) |
| 7:13 | Research | Loom |
| 7:41 | Research | Feudal Age |
| 7:41 | Research | Feudal Age |
| 8:14 | Queue | Unit 2550 |
| 8:14 | Queue | Unit 2550 |
| 8:22 | Build | House |
| 8:29 | Build | House |
| 8:37 | Queue | Unit 2550 |
| 8:50 | Queue | Villager (Male) |
| 8:52 | Queue | Villager (Male) |
| 8:57 | Build | Settlement |
| 9:02 | Queue | Unit 2550 |
| 9:51 | Age | Feudal Age |
| 9:53 | Build | House |
| 9:56 | Research | Tech 1402 |
| 10:07 | Build | House |
| 10:08 | Build | Palisade Wall |
| 10:22 | Build | House |
| 10:42 | Build | House |
| 10:43 | Queue | Unit 2550 |
| 10:48 | Queue | Villager (Male) |
| 10:48 | Queue | Villager (Male) |
| 11:03 | Build | House |
| 11:06 | Research | Double-Bit Axe |
| 11:21 | Queue | Villager (Male) |
| 11:22 | Queue | Villager (Male) |
| 11:36 | Build | Archery Range |
| 12:06 | Queue | Villager (Male) |
| 12:06 | Queue | Villager (Male) |
| 12:12 | Queue | Archer |
| 12:39 | Build | Blacksmith |
| 13:03 | Build | Farm |
| 13:05 | Build | Farm |
| 13:13 | Build | House |
| 13:27 | Queue | Villager (Male) |
| 13:43 | Build | Settlement |
| 13:47 | Queue | Archer |
| 13:47 | Queue | Archer |
| 13:56 | Build | Farm |
| 13:57 | Queue | Villager (Male) |
| 13:58 | Queue | Villager (Male) |
| 14:11 | Queue | Archer |
| 14:12 | Queue | Archer |
| 14:28 | Build | Farm |
| 14:31 | Build | Farm |
| 14:33 | Queue | Villager (Male) |
| 14:33 | Queue | Villager (Male) |
| 14:43 | Queue | Archer |
| 14:55 | Build | House |
| 14:57 | Queue | Villager (Male) |
| 14:57 | Queue | Villager (Male) |
| 15:09 | Build | Farm |
| 15:19 | Build | House |
| 15:21 | Build | Farm |
| 15:25 | Queue | Villager (Male) |
| 15:29 | Build | Farm |
| 15:30 | Queue | Archer |
| 15:39 | Queue | Villager (Male) |
| 16:04 | Queue | Villager (Male) |
| 16:10 | Queue | Archer |
| 16:11 | Queue | Archer |
| 16:14 | Build | Farm |
| 16:21 | Queue | Skirmisher |
| 16:23 | Queue | Archer |
| 16:28 | Build | Farm |
| 16:57 | Queue | Villager (Male) |
| 16:57 | Queue | Villager (Male) |
| 17:00 | Build | Farm |
| 17:18 | Queue | Villager (Male) |
| 17:21 | Build | Farm |
| 17:24 | Build | Settlement |
| 17:35 | Build | Market |
| 17:37 | Research | Fletching |
| 17:38 | Research | Padded Archer Armor |
| 17:42 | Queue | Villager (Male) |
| 17:54 | Build | Farm |
| 18:04 | Queue | Skirmisher |
| 18:16 | Build | Farm |
| 18:17 | Build | Farm |
| 18:28 | Build | Farm |
| 18:33 | Build | House |
| 18:36 | Build | House |
| 18:43 | Build | Palisade Wall |
| 18:55 | Build | Farm |
| 18:56 | Build | Farm |
| 19:00 | Queue | Skirmisher |
| 19:00 | Queue | Skirmisher |
| 19:03 | Queue | Villager (Male) |
| 19:03 | Queue | Villager (Male) |
| 19:28 | Build | Watch Tower |
| 19:32 | Build | Farm |
| 19:33 | Queue | Villager (Male) |
| 19:42 | Queue | Skirmisher |
| 19:46 | Queue | Villager (Male) |
| 19:57 | Build | Farm |
| 20:37 | Queue | Villager (Male) |
| 20:37 | Queue | Villager (Male) |
| 21:10 | Research | Castle Age |
| 21:11 | Queue | Skirmisher |
| 21:12 | Queue | Skirmisher |
| 21:12 | Queue | Skirmisher |
| 21:32 | Queue | Skirmisher |
| 21:32 | Queue | Skirmisher |
| 21:53 | Queue | Skirmisher |
| 21:53 | Queue | Skirmisher |
| 22:01 | Build | Archery Range |
| 22:23 | Build | Settlement |
| 22:36 | Queue | Skirmisher |
| 22:36 | Queue | Skirmisher |
| 23:02 | Queue | Villager (Male) |
| 23:02 | Queue | Villager (Male) |
| 23:29 | Queue | Skirmisher |
| 23:29 | Queue | Skirmisher |
| 23:29 | Queue | Skirmisher |
| 23:50 | Age | Castle Age |
| 23:57 | Research | Elite Skirmisher (upgrade) |
| 24:08 | Queue | Villager (Male) |
| 24:16 | Research | Bow Saw |
| 24:25 | Queue | Skirmisher |
| 24:25 | Queue | Skirmisher |
| 24:25 | Queue | Skirmisher |
| 24:45 | Queue | Skirmisher |
| 24:45 | Queue | Skirmisher |
| 24:45 | Queue | Skirmisher |
Build order — __Mafia
First 150 of 291 actions detected
| 0:01 | Queue | Villager (Male) |
| 0:02 | Queue | Villager (Male) |
| 0:02 | Queue | Villager (Male) |
| 0:02 | Queue | Villager (Male) |
| 0:02 | Queue | Villager (Male) |
| 0:02 | Queue | Villager (Male) |
| 0:04 | Build | House |
| 0:06 | Build | House |
| 1:31 | Queue | Villager (Male) |
| 1:31 | Queue | Villager (Male) |
| 1:53 | Queue | Villager (Male) |
| 1:53 | Queue | Villager (Male) |
| 2:08 | Queue | Villager (Male) |
| 2:08 | Queue | Villager (Male) |
| 2:09 | Queue | Villager (Male) |
| 2:38 | Queue | Villager (Male) |
| 2:38 | Queue | Villager (Male) |
| 2:43 | Build | Lumber Camp |
| 2:54 | Queue | Villager (Male) |
| 2:54 | Queue | Villager (Male) |
| 3:11 | Queue | Villager (Male) |
| 3:49 | Build | House |
| 3:50 | Build | House |
| 4:03 | Queue | Villager (Male) |
| 4:03 | Queue | Villager (Male) |
| 4:16 | Build | Mill |
| 4:41 | Queue | Villager (Male) |
| 4:42 | Queue | Villager (Male) |
| 5:13 | Queue | Villager (Male) |
| 5:49 | Queue | Villager (Male) |
| 6:12 | Build | Barracks |
| 6:30 | Build | House |
| 6:31 | Queue | Villager (Male) |
| 6:52 | Queue | Villager (Male) |
| 7:09 | Build | Farm |
| 7:11 | Queue | Villager (Male) |
| 7:12 | Queue | Militia |
| 7:12 | Queue | Militia |
| 7:12 | Queue | Militia |
| 7:33 | Build | House |
| 7:39 | Queue | Villager (Male) |
| 7:45 | Queue | Villager (Male) |
| 7:56 | Build | Farm |
| 8:06 | Build | Palisade Wall |
| 8:12 | Queue | Villager (Male) |
| 8:27 | Build | Farm |
| 8:28 | Queue | Villager (Male) |
| 8:50 | Build | Farm |
| 9:18 | Queue | Villager (Male) |
| 9:20 | Build | Farm |
| 9:34 | Build | Farm |
| 9:52 | Research | Loom |
| 10:07 | Queue | Villager (Male) |
| 10:10 | Build | Mining Camp |
| 10:16 | Research | Feudal Age |
| 10:52 | Build | Palisade Wall |
| 10:53 | Build | House |
| 10:55 | Build | Palisade Wall |
| 11:34 | Build | Palisade Wall |
| 11:35 | Build | Palisade Wall |
| 11:36 | Build | Palisade Wall |
| 11:39 | Build | Palisade Wall |
| 12:37 | Age | Feudal Age |
| 12:37 | Queue | Villager (Male) |
| 12:39 | Build | Blacksmith |
| 12:42 | Build | Archery Range |
| 13:29 | Build | Archery Range |
| 13:37 | Research | Castle Age |
| 13:44 | Build | Watch Tower |
| 13:59 | Build | Watch Tower |
| 14:06 | Build | House |
| 14:07 | Queue | Archer |
| 14:07 | Queue | Archer |
| 14:08 | Queue | Archer |
| 14:08 | Queue | Archer |
| 14:20 | Research | Double-Bit Axe |
| 14:24 | Queue | Archer |
| 14:24 | Queue | Archer |
| 15:08 | Queue | Archer |
| 15:08 | Queue | Archer |
| 15:19 | Build | House |
| 15:22 | Build | House |
| 15:26 | Build | Palisade Wall |
| 15:37 | Queue | Archer |
| 15:53 | Queue | Archer |
| 15:58 | Build | House |
| 16:06 | Queue | Archer |
| 16:17 | Age | Castle Age |
| 16:25 | Research | Crossbowman (upgrade) |
| 16:40 | Queue | Villager (Male) |
| 16:53 | Research | Fletching |
| 17:04 | Build | House |
| 17:17 | Queue | Villager (Male) |
| 17:35 | Queue | Archer |
| 17:35 | Queue | Archer |
| 17:49 | Build | Farm |
| 17:53 | Queue | Villager (Male) |
| 17:56 | Build | Market |
| 18:06 | Queue | Archer |
| 18:07 | Queue | Archer |
| 18:20 | Build | Town Center |
| 18:26 | Queue | Villager (Male) |
| 18:28 | Build | Farm |
| 18:29 | Build | Farm |
| 18:38 | Queue | Archer |
| 18:38 | Queue | Archer |
| 18:53 | Queue | Villager (Male) |
| 18:54 | Build | Farm |
| 19:11 | Queue | Archer |
| 19:11 | Queue | Archer |
| 19:18 | Build | Farm |
| 19:26 | Queue | Villager (Male) |
| 19:30 | Build | Farm |
| 19:45 | Queue | Archer |
| 19:45 | Queue | Archer |
| 19:48 | Queue | Villager (Male) |
| 19:49 | Queue | Villager (Male) |
| 20:04 | Build | Farm |
| 20:04 | Research | Town Watch |
| 20:04 | Queue | Villager (Male) |
| 20:24 | Build | Farm |
| 20:24 | Build | Farm |
| 20:27 | Queue | Villager (Male) |
| 20:37 | Queue | Archer |
| 20:37 | Queue | Archer |
| 20:46 | Queue | Villager (Male) |
| 20:47 | Queue | Villager (Male) |
| 20:53 | Queue | Villager (Male) |
| 21:09 | Build | Farm |
| 21:16 | Queue | Villager (Male) |
| 21:17 | Queue | Villager (Male) |
| 21:28 | Queue | Villager (Male) |
| 21:28 | Queue | Villager (Male) |
| 21:43 | Queue | Villager (Male) |
| 21:44 | Queue | Archer |
| 21:44 | Queue | Archer |
| 21:54 | Build | Farm |
| 22:01 | Queue | Villager (Male) |
| 22:10 | Queue | Archer |
| 22:11 | Queue | Archer |
| 22:21 | Queue | Villager (Male) |
| 22:24 | Build | Lumber Camp |
| 22:35 | Queue | Archer |
| 22:35 | Queue | Archer |
| 22:50 | Queue | Villager (Male) |
| 22:50 | Queue | Villager (Male) |
| 22:57 | Queue | Villager (Male) |
| 22:58 | Queue | Villager (Male) |
| 23:00 | Build | Town Center |
| 23:17 | Queue | Villager (Male) |
Match timeline
| 6:12 | __Mafia · first_building Barracks |
| 6:33 | [DCNC] Brunin · first_building Barracks |
| 8:06 | __Mafia · wall_segment Palisade Wall x6 |
| 9:51 | [DCNC] Brunin · age_up feudal |
| 10:08 | [DCNC] Brunin · wall_segment Palisade Wall x1 |
| 10:52 | __Mafia · wall_segment Palisade Wall x1 |
| 10:55 | __Mafia · wall_segment Palisade Wall x1 |
| 11:34 | __Mafia · wall_segment Palisade Wall x1 |
| 11:35 | __Mafia · wall_segment Palisade Wall x1 |
| 11:36 | [DCNC] Brunin · first_building Archery Range |
| 11:36 | __Mafia · wall_segment Palisade Wall x1 |
| 11:39 | __Mafia · wall_segment Palisade Wall x1 |
| 12:37 | __Mafia · age_up feudal |
| 12:42 | __Mafia · first_building Archery Range |
| 15:26 | __Mafia · wall_segment Palisade Wall x1 |
| 16:17 | __Mafia · age_up castle |
| 18:43 | [DCNC] Brunin · wall_segment Palisade Wall x9 |
| 20:21 | [DCNC] Brunin · first_market_sell 100 stone |
| 20:22 | [DCNC] Brunin · first_market_buy 100 food |
| 23:50 | [DCNC] Brunin · age_up castle |
| 25:09 | __Mafia · first_building Siege Workshop |
| 26:26 | [DCNC] Brunin · wall_segment Palisade Wall x1 |
| 26:35 | [DCNC] Brunin · wall_segment Palisade Wall x13 |
| 27:22 | [DCNC] Brunin · first_building Monastery |
| 28:00 | __Mafia · first_market_buy 100 wood |
| 29:17 | [DCNC] Brunin · first_building Siege Workshop |
| 29:50 | __Mafia · first_building Monastery |
| 34:51 | [DCNC] Brunin · resign |
[ AI ANALYSIS · 1 CREDIT ]
What really happened in this match?
Wolo.gg analyzes every decision: build order, eco, micro, common mistakes by bracket. Personalized analysis on WhatsApp or Discord in 30 seconds.
Civ guide
Tupi
Perfil
Jugador #3405091